Map: Abyssal Reef LE

Players

Juxtapose - Winner!

  • Race: Terran Terran
  • League: Platinum
  • Spawn Location: 11:00

Triumph

  • Race: Zerg Zerg
  • League: Platinum
  • Spawn Location: 5:00

VOD

https://youtu.be/M29aE7-wJus

Description

I'm surprised my opponent had his initial Zerglings chase my scouting SCV for so long! I would have given up or at least split most of the Zerglings off.

At any rate, a pretty straight forward match.

Time

  • Played on: Jan. 21, 2018, 3:44 p.m.
  • Length: 6:43
Show
View Real Time Build Order
Export as new Build Order

Juxtapose Terran - Winner!

Build Orders:  

Get SALT Encoding   

  12  0:01  SCV  
  13  0:13  SCV  
  14  0:19  Supply Depot  
  14  0:25  SCV  
  15  0:40  SCV  
  16  0:43  Barracks  
  16  0:50  Supply Depot  
  16  0:53  SCV  
  17  1:00  Refinery  
  17  1:05  SCV  
  18  1:13  Refinery  
  18  1:17  SCV  
  19  1:31  Orbital Command  
  19  1:50  Barracks Reactor  
  19  1:57  SCV  
  20  2:05  Factory  
  20  2:13  SCV  
  21  2:23  Supply Depot  
  21  2:26  SCV  
  21  2:29  Marine x2  
  24  2:40  SCV  
  24  2:43  Engineering Bay  
  25  2:46  Marine  
  25  2:47  Marine  
  25  2:51  Factory Tech Lab  
  27  2:58  Supply Depot  
  27  3:00  SCV  
  28  3:08  Marine x2  
  30  3:15  Missile Turret  
  30  3:17  Siege Tank  
  32  3:23  Supply Depot  
  32  3:26  Marine x2  
  34  3:35  Terran Infantry Weapons Level 1  
  34  3:43  Marine  
  34  3:44  Marine  
  36  3:49  Siege Tank  
  39  4:01  Marine x2  
  41  4:14  Command Center  
  41  4:19  Marine x2  
  41  4:21  Siege Tank  
  46  4:37  Starport, Marine x2  
  48  4:43  Supply Depot  
  48  4:55  Siege Tank  
  51  5:16  Marine x2  
  53  5:28  Orbital Command  
  53  5:35  Starport Reactor  
  53  5:36  Marine x2  
  55  5:52  Orbital Command  
  55  6:00  Marine x2  
  57  6:05  Siege Tank  
Show
View Real Time Build Order
Export as new Build Order

Triumph Zerg 

Build Orders: Hatch First 

Get SALT Encoding   

  12  0:08  Overlord  
  12  0:13  Drone  
  13  0:18  Drone  
  14  0:28  Drone  
  15  0:52  Hatchery  
  14  0:57  Extractor  
  14  0:58  Drone  
  14  1:12  Spawning Pool  
  14  1:16  Drone  
  14  1:21  Drone  
  15  1:28  Drone  
  16  2:00  Zergling x6  
  16  2:01  Queen  
  19  2:05  Queen  
  23  2:11  Metabolic Boost  
  23  2:26  Drone x2  
  23  2:29  Overlord  
  25  2:32  Drone  
  25  2:35  Drone  
  27  2:42  Drone  
  28  3:03  Overlord  
  30  3:14  Queen, Lair  
  30  3:15  Drone  
  30  3:16  Drone x3  
  30  3:17  Drone  
  35  3:27  Overlord  
  35  3:29  Drone x2  
  37  3:36  Drone x2  
  37  3:41  Drone x3  
  42  3:46  Overlord  
  41  4:02  Queen  
  43  4:05  Overlord  
  43  4:06  Overlord x2, Extractor  
  43  4:08  Drone x2  
  44  4:24  Drone x3  
  44  4:26  Zergling x2  
  44  4:27  Zergling x6  
  51  4:36  Spire  
  50  4:45  Drone  
  50  4:46  Drone x2  
  50  4:47  Hatchery  
  52  5:06  Evolution Chamber  
  51  5:12  Baneling Nest  
  51  5:13  Drone  
  51  5:14  Drone x3  
  53  5:16  Drone, Extractor  
  54  5:24  Zergling x12  
  60  5:51  Drone x2  
  62  5:59  Extractor  
  57  6:11  Baneling x4  
  57  6:12  Baneling x2, Zergling x8  
  57  6:13  Zergling x6  
  57  6:14  Zergling x2  
  57  6:15  Zergling x8  
Tags
 
Add a new tag
Caveats
  • Supply blocks, unpowered buildings, or Contaminate may cause inaccurate times.
  • Supply counts are checked every 10 seconds.